 Dungeon Crawl Stone Soup version 0.27.1-33-g824d729ab1 (webtiles) character file.

Game seed: 10883128663733196276

197 SensoryNuts the Skirmisher (level 5, -1/46 HPs)
             Began as a Draconian Fighter on Dec 11, 2021.
             Shot with an arrow by a centaur (3 damage)
             ... on level 3 of the Dungeon.
             The game lasted 00:03:32 (2770 turns).

SensoryNuts the Skirmisher (Draconian Fighter)      Turns: 2770, Time: 00:03:33

Health: -1/46      AC:  5    Str: 19    XL:     5   Next: 46%
Magic:  5/5        EV: 10    Int: 10    God:
Gold:   74         SH: 10    Dex: 11    Spells: 4/4 levels left

rFire    . . .     SeeInvis .   c - +2 hand axe (freeze)
rCold    . . .     Faith    .   b - +1 kite shield
rNeg     . . .     Spirit   .   (armour unavailable)
rPois    .         Reflect  .   (helmet restricted)
rElec    .         Harm     .   (no cloak)
rCorr    .         Rampage  .   (no gloves)
Will     .....     Rnd*Rage +   (no boots)
Stlth    +.........             (no amulet)
HPRegen  0.15/turn              (no ring)
MPRegen  0.09/turn              (no ring)

@: no status effects
A: AC +5, unfitting armour, cold-blooded, berserk 1, clever 1
a: no special abilities


You were on level 3 of the Dungeon.
You visited 1 branch of the dungeon, and saw 3 of its levels.

You collected 74 gold pieces.

Inventory:

Hand Weapons
 a - a +0 long sword
 c - a +2 hand axe of freezing (weapon)
 e - a +1 whip of freezing
Armour
 b - a +1 kite shield (worn)
Scrolls
 f - a scroll of enchant weapon
 g - a scroll of immolation
 j - 2 scrolls of teleportation


   Skills:
 + Level 4.1 Fighting
 + Level 2.5 Long Blades
 + Level 2.5 Maces & Flails
 + Level 3.5 Dodging
 + Level 0.8 Stealth
 + Level 3.7 Shields


You had 4 spell levels left.
You didn't know any spells.
Your spell library contained the following spells:

 Spells                   Type           Power      Damage    Failure   Level
 Slow                     Hex            0%         N/A       94%         2
 Confusing Touch          Hex            0%         N/A       99%         3
 Vampiric Draining        Necr           0%         2d6       99%         3


Dungeon Overview and Level Annotations

Branches:
Dungeon (3/15)

Altars:
Elyvilon


Innate Abilities, Weirdness & Mutations

Your plain brown scales are hard. (AC +5)
You cannot fit into any form of body armour.
You are cold-blooded and may be slowed by cold attacks.
You tend to lose your temper in combat.
Your mind is acute. (Int +2)


Message History

a +0 trident; a +0 leather armour; an orc corpse Your +1 whip of freezing stops glowing.
Your +2 hand axe of freezing glows with a cold blue light!
c - a +2 hand axe of freezing (weapon)
You feel yourself speed up.
You recover from your berserk rage.
A centaur comes into view.
The centaur moves out of view.
A centaur is nearby!
A centaur is nearby!
The centaur shouts!
The centaur wields a +0 shortbow.
The centaur shoots an arrow.
The arrow hits you!
You are too injured to fight recklessly!
You are too injured to fight recklessly!
You are too injured to fight recklessly!
You are too injured to fight recklessly!
You are too injured to fight recklessly!
You are too injured to fight recklessly!
You are too injured to fight recklessly!
You are too injured to fight recklessly!
You are too injured to fight recklessly!
You are too injured to fight recklessly!
You are too injured to fight recklessly!
You are too injured to fight recklessly!
You are too injured to fight recklessly!
You are too injured to fight recklessly!
You are too injured to fight recklessly!
You are too injured to fight recklessly!
The centaur shoots an arrow.
The arrow hits you.
* * * LOW HITPOINT WARNING * * *
The centaur shoots an arrow.
The arrow hits you!
* * * LOW HITPOINT WARNING * * *
Sorry, you're not good enough to have a special ability.
You feel better.
The centaur shoots an arrow.
You block the arrow.
The centaur shoots an arrow.
The arrow hits you!
* * * LOW HITPOINT WARNING * * *
The centaur shoots an arrow.
The arrow hits you.
You die...

#.# ####........... ....
###.............. ....#
##...##...........
.....###.....##.>####....
!....c...................
#)...))........##.##
#.....[...#####...#
###.......# #..###
#@....### #.## #.......#
#.# #.........# ###
#.#.!.....# ...##.....##
..# ##...## ... ##### ..


You could see a centaur.

Vanquished Creatures
  An orc priest (D:3)
  Natasha (thrice) (D:2)
  A gnoll (D:1)
  An adder (D:2)
  2 dart slugs
  8 orcs
  6 ball pythons
  5 bats
  7 endoplasms
  A giant cockroach (D:2)
  2 goblins
  5 hobgoblins
  4 jackals (D:1)
  5 kobolds
  A quokka (D:1)
  3 frilled lizards
  5 rats
60 creatures vanquished.

Notes
Turn   | Place    | Note
-------+----------+-------------------------------------------
     0 | D:1      | SensoryNuts the Draconian Fighter began the quest for the
                  | Orb.
     0 | D:1      | Reached XP level 1. HP: 19/19 MP: 1/1
   100 | D:1      | Reached XP level 2. HP: 24/26 MP: 2/2
   576 | D:1      | Reached XP level 3. HP: 20/33 MP: 3/3
   902 | D:1      | Reached skill level 1 in Maces & Flails
  1338 | D:2      | Found a white marble altar of Elyvilon.
  1660 | D:2      | Reached XP level 4. HP: 40/40 MP: 4/4
  1665 | D:2      | Noticed Natasha
  1676 | D:2      | Killed Natasha
  1897 | D:2      | Noticed Natasha
  1901 | D:2      | Killed Natasha
  1902 | D:2      | Reached skill level 4 in Fighting
  2089 | D:2      | Noticed Natasha
  2106 | D:2      | Killed Natasha
  2107 | D:2      | Reached XP level 5. HP: 6/46 MP: 5/5
  2469 | D:2      | Gained mutation: Your mind is acute. (Int +2) [potion of
                  | mutation]
  2469 | D:2      | Gained mutation: You tend to lose your temper in combat.
                  | [potion of mutation]
  2758 | D:3      | Noticed a centaur
  2767 | D:3      | HP: 2/46 [centaur/arrow (11)]
  2770 | D:3      | Shot with an arrow by a centaur

Illustrated notes

Levels and vault maps discovered:
D:1:      dpeg_arrival_erosion, layout_basic, minmay_hedge_maze, minmay_tall_x
D:2:      layout_loops_ring, basic_altar, uniq_natasha
D:3:      layout_rooms, nemelex_altar_shiori,
          hellmonk_ecumenical_altar_dog_temple, uniq_jessica, uniq_terence

Skill      XL: |  1  2  3  4 |
---------------+-------------+-----
Dodging        | 3 |  3.5
Maces & Flails | 1 2 |  2.5
Fighting       | 4 |  4.1
Long Blades    | |  2.5
Stealth        | |  0.8
Shields        | |  3.7

Action                   |  1- 3 |  4- 6 || total
-------------------------+-------+-------++-------
Melee: Long sword        |    24 |       ||    24
       Tailslap          |    15 |     5 ||    20
       Whip              |    80 |    76 ||   156
  Use: Potion            |       |     7 ||     7
       Scroll            |       |     5 ||     5
Armor: Skin              |    22 |    17 ||    39
Dodge: Dodged            |    29 |    36 ||    65
Block: Kite shield       |    50 |    38 ||    88
